Map: Prion Terraces

Players

CMStormPolt (Polt) - Winner!

  • Race: Terran Terran
  • League: Grandmaster

Harstem

  • Race: Protoss Protoss

Event: Root's WW3

VOD

Have the link to the VOD?

Description

Time

  • Played on: Dec. 12, 2015, 5:37 a.m.
  • Length: 14:29

All games in this series

Show
View Real Time Build Order
Export as new Build Order

CMStormPolt Terran - Winner!

Build Orders: Reaper Expand, MMM Bio 

Get SALT Encoding   

  12  0:00  SCV  
  13  0:12  SCV  
  14  0:17  Supply Depot  
  14  0:25  SCV  
  15  0:39  SCV, Barracks  
  16  0:43  Refinery  
  16  0:51  SCV  
  17  1:03  SCV  
  18  1:15  SCV  
  19  1:27  Reaper, Orbital Command  
  20  1:40  Command Center  
  20  1:53  SCV, Supply Depot  
  21  1:59  Barracks Reactor  
  21  2:05  SCV  
  21  2:07  Barracks  
  22  2:17  SCV  
  22  2:21  Factory  
  23  2:23  Bunker  
  23  2:29  SCV  
  24  2:35  Marine x2  
  26  2:41  SCV  
  26  2:43  Refinery  
  27  2:51  Orbital Command  
  27  2:53  SCV  
  27  2:55  Marine x2  
  27  2:57  Barracks Tech Lab  
  30  3:05  SCV  
  31  3:13  Marine x2  
  31  3:17  SCV  
  31  3:18  SCV, Cyclone  
  38  3:25  Supply Depot  
  38  3:29  SCV  
  38  3:30  SCV  
  40  3:40  Supply Depot  
  40  3:41  SCV, Starport  
  41  3:42  SCV  
  42  3:53  SCV  
  42  3:54  SCV  
  46  3:56  Stimpack  
  46  3:57  Marine x2  
  46  3:58  Marine  
  46  3:59  Widow Mine  
  49  4:04  Engineering Bay  
  49  4:05  SCV  
  49  4:06  SCV  
  51  4:11  Supply Depot  
  51  4:14  Refinery  
  51  4:17  SCV  
  51  4:18  SCV  
  51  4:20  Medivac  
  55  4:27  Refinery  
  55  4:28  Supply Depot  
  55  4:29  SCV  
  55  4:30  SCV  
  57  4:42  Command Center, SCV x2  
  59  4:51  Terran Infantry Weapons Level 1, Factory Reactor  
  59  4:52  Barracks  
  59  4:55  SCV, Starport Reactor  
  59  4:56  SCV  
  60  5:08  Barracks  
  60  5:09  Supply Depot  
  60  5:10  Barracks  
  60  5:14  Marauder  
  60  5:15  SCV x2  
  60  5:19  Marine x2  
  66  5:26  Supply Depot  
  66  5:27  SCV x2  
  68  5:34  Factory Reactor  
  68  5:36  Medivac x2  
  68  5:39  SCV x2  
  68  5:41  Marauder  
  68  5:42  Barracks Reactor, Marine x2  
  78  5:51  SCV x2  
  78  5:54  Orbital Command  
  78  5:56  Barracks Tech Lab  
  78  6:00  Combat Shields  
  78  6:03  SCV x2, Marauder, Marine x2  
  84  6:09  Medivac  
  84  6:10  Medivac  
  84  6:11  Orbital Command  
  88  6:14  Marine x2  
  88  6:15  SCV x2  
  92  6:23  Marauder, Marine x4  
  92  6:25  Marauder  
  100  6:27  Concussive Shells  
  100  6:30  SCV x2  
  100  6:31  Marine x2, Widow Mine  
  106  6:38  SCV  
  107  6:41  Refinery  
  107  6:42  SCV  
  108  6:47  Marine  
  108  6:51  Supply Depot, Marauder, Marine x5  
  108  6:52  Supply Depot  
  116  6:54  Supply Depot  
  116  6:56  Terran Infantry Armor Level 1  
  116  7:12  Medivac x2, Widow Mine  
  116  7:13  Marauder  
  116  7:14  Barracks  
  124  7:16  Supply Depot, Barracks  
  124  7:17  Barracks  
  124  7:18  Supply Depot  
  124  7:20  Supply Depot  
  124  7:24  Marauder  
  124  7:25  Marine  
  124  7:26  Marine x4  
  124  7:28  Marine  
  124  7:29  Liberator x2  
  132  7:32  Ghost Academy  
  132  7:48  Armory, Engineering Bay  
  138  7:52  Marauder x2  
  138  7:54  Marine x4  
  138  7:55  Marine x2  
  138  7:57  Widow Mine  
  150  8:09  Supply Depot x2  
  150  8:10  Supply Depot  
  149  8:15  Ghost x2  
  149  8:16  Barracks Tech Lab x2  
  149  8:17  Barracks Reactor  
  153  8:20  Marine x6  
  158  8:39  Ghost x2  
  158  8:40  Terran Infantry Weapons Level 2, Liberator x2  
  162  8:42  Marine x4  
  162  8:43  Ghost x2  
  162  8:45  Marine  
  162  8:46  Marine  
  172  8:54  Widow Mine  
  180  9:19  Marine, Marauder x4  
  189  9:29  Personal Cloaking  
  189  9:30  Terran Vehicle And Ship Armor Level 1  
  189  9:31  Supply Depot  
  189  9:37  Terran Infantry Armor Level 2  
  189  9:38  Command Center  
  189  9:47  Marine  
  189  9:52  Marine x6  
  194  10:05  Marine, Marauder x3  
  194  10:06  Marine  
  196  10:08  Marauder  
  196  10:09  Widow Mine  
  196  10:10  Marine x3  
  196  10:11  Marine  
  196  10:12  Marine x2  
  196  10:13  SCV x3  
  196  10:14  Medivac x2  
  181  10:25  SCV x2  
  181  10:26  SCV  
  179  10:37  SCV  
  179  10:38  SCV x2  
  179  10:39  Refinery, Starport  
  179  10:40  Starport  
  182  10:48  Viking x2  
  182  10:49  SCV  
  187  10:50  SCV  
  185  10:58  Planetary Fortress  
  185  10:59  Missile Turret  
  185  11:02  Terran Infantry Weapons Level 3  
  182  11:26  Viking x2  
  182  11:27  Terran Ship Weapons Level 1  
  182  11:28  Starport Reactor x2  
  185  11:33  Refinery  
  185  11:34  Refinery  
  185  11:39  Command Center  
  179  11:57  Viking x2  
  182  12:07  Viking  
  182  12:08  Viking x3  
  187  12:40  Ghost x2  
  187  12:41  Ghost x2  
  187  12:42  Viking x3  
  200  12:53  Command Center  
  199  13:04  Command Center  
  198  13:27  Orbital Command  
  198  13:31  Sensor Tower  
  183  13:52  Marine x8, Marauder x4  
  155  14:10  Marine x8  
Show
View Real Time Build Order
Export as new Build Order

Harstem Protoss 

Build Orders: 1 Gate Expand 

Get SALT Encoding   

  12  0:02  Probe (Chrono Boost)  
  13  0:13  Probe (Chrono Boost)  
  14  0:20  Pylon  
  14  0:23  Probe (Chrono Boost)  
  15  0:38  Gateway, Probe (Chrono Boost)  
  16  0:49  Probe (Chrono Boost)  
  17  0:51  Assimilator  
  17  0:59  Probe (Chrono Boost)  
  18  1:10  Probe (Chrono Boost)  
  19  1:22  Nexus  
  19  1:30  Cybernetics Core  
  19  1:33  Probe (Chrono Boost)  
  19  1:39  Assimilator  
  20  1:44  Probe (Chrono Boost)  
  21  1:49  Pylon  
  21  1:54  Probe (Chrono Boost)  
  22  2:09  Mothership Core (Chrono Boost)  
  22  2:13  Adept  
  26  2:23  Warp Gate  
  26  2:28  Probe (Chrono Boost)  
  27  2:35  Probe (Chrono Boost)  
  28  2:38  Probe (Chrono Boost)  
  29  2:45  Probe (Chrono Boost)  
  29  2:47  Robotics Facility  
  29  2:49  Probe (Chrono Boost)  
  31  2:51  Adept  
  31  2:56  Probe (Chrono Boost)  
  34  2:59  Probe (Chrono Boost)  
  35  3:06  Probe (Chrono Boost)  
  35  3:10  Probe (Chrono Boost)  
  37  3:17  Probe (Chrono Boost)  
  38  3:20  Probe (Chrono Boost), Adept  
  38  3:23  Pylon  
  41  3:27  Probe (Chrono Boost)  
  41  3:31  Probe (Chrono Boost)  
  43  3:36  Probe (Chrono Boost)  
  43  3:38  Observer (Chrono Boost)  
  45  3:42  Probe  
  45  3:47  Probe  
  46  3:51  Nexus  
  46  3:53  Pylon  
  46  3:54  Probe  
  48  3:57  Probe, Observer (Chrono Boost)  
  50  4:06  Probe  
  50  4:07  Gateway  
  51  4:10  Probe  
  51  4:11  Twilight Council  
  51  4:12  Gateway  
  51  4:16  Assimilator  
  52  4:18  Probe  
  52  4:20  Probe, Observer (Chrono Boost)  
  55  4:28  Assimilator  
  55  4:30  Probe  
  55  4:31  Probe, Pylon  
  56  4:33  Sentry  
  56  4:35  Pylon  
  59  4:42  Probe x2 (Chrono Boost)  
  59  4:44  Forge  
  61  4:52  Gateway  
  61  4:53  Gateway, Probe (Chrono Boost)  
  62  5:02  Probe (Chrono Boost)  
  62  5:04  Probe (Chrono Boost), Protoss Ground Armor Level 1 (Chrono Boost)  
  62  5:06  Adept x2  
  68  5:09  Gateway  
  68  5:10  Blink (Chrono Boost)  
  68  5:15  Probe  
  68  5:17  Pylon  
  70  5:22  Immortal (Chrono Boost), Adept  
  74  5:38  Probe  
  74  5:39  Probe  
  74  5:41  Stalker x2, Photon Cannon  
  81  5:50  Probe  
  81  5:51  Photon Cannon  
  81  5:52  Stalker  
  81  5:55  Adept  
  85  5:57  Adept  
  85  6:02  Immortal  
  87  6:05  Stalker x2  
  95  6:12  Stalker  
  95  6:14  Probe  
  95  6:16  Pylon  
  95  6:17  Adept  
  95  6:18  Probe  
  101  6:24  Pylon  
  101  6:27  Robotics Bay  
  101  6:30  Pylon  
  101  6:34  Probe  
  101  6:37  Adept  
  101  6:38  Adept x3  
  109  6:40  Observer  
  110  6:49  Probe  
  110  6:52  Gateway  
  111  6:54  Forge  
  111  6:55  Gateway, Pylon  
  111  6:58  Resonating Glaives (Chrono Boost), Protoss Ground Weapons Level 1 (Chrono Boost)  
  111  6:59  Probe x2  
  111  7:01  Assimilator  
  113  7:03  Probe, Observer  
  113  7:04  Assimilator  
  115  7:11  Pylon  
  115  7:13  Probe  
  116  7:15  Adept x3  
  116  7:16  Adept  
  116  7:17  Protoss Ground Armor Level 2 (Chrono Boost)  
  116  7:19  Probe, Pylon  
  125  7:36  Colossus  
  125  7:40  Adept x2  
  134  7:44  Adept x3  
  140  8:01  Stalker x4  
  148  8:05  Pylon  
  148  8:06  Pylon  
  148  8:20  Extended Thermal Lance (Chrono Boost)  
  148  8:21  Nexus  
  148  8:23  Pylon  
  148  8:24  Pylon  
  148  8:25  Pylon, Photon Cannon  
  148  8:28  Stalker x3  
  152  8:35  Pylon  
  152  8:41  Colossus (Chrono Boost)  
  152  8:45  Probe, Protoss Ground Weapons Level 2  
  152  8:46  Stargate, Photon Cannon  
  152  8:47  Probe  
  160  8:48  Assimilator  
  160  9:00  Photon Cannon  
  160  9:09  Probe  
  161  9:12  Pylon  
  161  9:13  Probe, Pylon  
  161  9:16  Protoss Ground Armor Level 3  
  161  9:21  Probe  
  161  9:23  Photon Cannon  
  162  9:25  Photon Cannon  
  162  9:29  Colossus (Chrono Boost)  
  168  9:34  Fleet Beacon  
  168  9:38  Stargate  
  168  9:45  Adept x5  
  178  9:53  Adept  
  178  9:54  Adept x2  
  176  10:16  Adept  
  176  10:17  Adept x7  
  192  10:28  Nexus  
  190  10:34  Colossus (Chrono Boost)  
  192  10:35  Tempest (Chrono Boost)  
  192  10:39  Tempest (Chrono Boost)  
  200  10:52  Pylon  
  200  10:53  Protoss Ground Weapons Level 3  
  198  11:08  Nexus  
  198  11:10  Pylon  
  198  11:13  Pylon, Assimilator  
  198  11:15  Pylon, Assimilator  
  198  11:17  Pylon  
  198  11:19  Pylon  
  188  11:42  Tempest (Chrono Boost)  
  192  11:52  Disruptor (Chrono Boost)  
  195  11:56  Robotics Facility  
  191  12:10  Stalker x2  
  191  12:11  Tempest  
  191  12:14  Nexus  
  195  12:17  Pylon  
  195  12:18  Protoss Shields Level 1  
  199  12:25  Assimilator  
  199  12:27  Assimilator  
  199  12:28  Pylon  
  199  12:31  Pylon  
  199  12:32  Photon Cannon  
  199  12:33  Photon Cannon  
  199  12:38  Photon Cannon  
  199  12:41  Photon Cannon  
  199  12:55  Disruptor (Chrono Boost)  
  199  12:57  Disruptor (Chrono Boost)  
  197  13:06  Probe  
  197  13:08  Probe  
  195  13:32  Tempest (Chrono Boost)  
  190  13:48  Probe  
  190  13:49  Adept  
  190  13:50  Adept x5  
  158  14:01  Probe  
  123  14:11  Stalker x3  
  123  14:12  Stalker x2  
Tags
 
Add a new tag
Caveats
  • Supply blocks, unpowered buildings, or Contaminate may cause inaccurate times.
  • Supply counts are checked every 10 seconds.